 Dungeon Crawl Stone Soup version 0.20-a0-550-gf70bbbc (webtiles) character file.

865 Firecrotchwizard the Carver (level 8, -3/54 HPs)
             Began as an Octopode Fighter on Feb 2, 2017.
             Was a Follower of Dithmenos.
             Slain by an ice beast (14 damage)
             ... on level 5 of the Dungeon.
             The game lasted 00:12:37 (5351 turns).

Firecrotchwizard the Carver (Octopode Fighter)      Turns: 5351, Time: 00:12:37

Health: -3/54      AC:  1    Str: 15    XL:     8   Next: 3%
Magic:  8/8        EV: 12    Int: 11    God:    Dithmenos [*.....]
Gold:   244        SH:  8    Dex: 13    Spells: 7/7 levels left

rFire    . . .     SeeInvis .   a - +0 long sword
rCold    . . .     Gourm    .   b - +0 shield
rNeg     . . .     Faith    .   (helmet restricted)
rPois    .         Spirit   .   (no amulet)
rElec    .         Reflect  .   o - ring of flight
rCorr    .         Harm     .   (no ring)
MR       .....                  (no ring)
Stlth    +++++.....             (no ring)
Regen    0.2/turn               (no ring)
                                (no ring)
                                (no ring)
                                (no ring)

@: wreathed by umbra
A: almost no armour, stealthy swim, amphibious, 8 rings, constrict 8, camouflage
1, gelatinous body 1
a: Renounce Religion, Evoke Flight


You were on level 5 of the Dungeon.
You worshipped Dithmenos.
Dithmenos was aware of your devotion.
You were not hungry.

You visited 1 branch of the dungeon, and saw 5 of its levels.

You collected 244 gold pieces.

Inventory:

Hand Weapons
 a - a +0 long sword (weapon)
Missiles
 m - 30 poisoned needles
Armour
 b - a +0 shield (worn)
Jewellery
 o - a ring of flight (left tentacle)
 r - an uncursed ring of fire
Scrolls
 e - 7 scrolls of identify
 f - 2 scrolls of teleportation {unknown}
 g - a scroll of recharging {unknown}
 j - a scroll of magic mapping {unknown}
 n - a scroll of fog {unknown}
 p - a scroll of amnesia {unknown}
 s - a scroll of enchant weapon {unknown}
 t - a scroll of noise {unknown}
 v - a scroll of fear {unknown}
 y - a scroll of remove curse {unknown}
Potions
 c - 2 potions of might
 h - a potion of agility {unknown}
 i - 2 potions of heal wounds
 k - 4 potions of curing {unknown}
 l - a potion of haste {unknown}
 q - a potion of brilliance {unknown}
Comestibles
 d - 4 bread rations
 u - 3 royal jellies
 w - 5 chunks of flesh
 x - 4 fruits
 z - a meat ration


   Skills:
 + Level 4.8 Fighting
 * Level 8.0 Long Blades
 - Level 3.0 Dodging
 - Level 2.0 Stealth
 - Level 3.0 Shields


You had 7 spell levels left.
You didn't know any spells.

Dungeon Overview and Level Annotations

Branches:
Dungeon (5/15)             Temple (0/1) D:5

Altars:
Dithmenos

Annotations:
D:2 Sigmund


Innate Abilities, Weirdness & Mutations

You cannot wear most types of armour.
You are very stealthy in the water. (Stealth+)
You are amphibious.
You can wear up to eight rings at the same time.
You can use your tentacles to constrict eight enemies at once.
Your skin changes colour to match your surroundings (Stealth+).
Your rubbery body absorbs attacks. (AC +1, EV +1)


Message History

The ice beast freezes you!
* * * LOW HITPOINT WARNING * * *
You feel much better. The ice beast barely misses you.
You closely miss the ice beast. You squeeze the ice beast.
The ice beast is heavily wounded.
The ice beast barely misses you.
You hit the ice beast but do no damage.
The ice beast is heavily wounded.
You block the ice beast's attack.
You hit the ice beast but do no damage.
You squeeze the ice beast, but do no damage.
The ice beast is heavily wounded.
The ice beast hits you. The ice beast freezes you!
* * * LOW HITPOINT WARNING * * *
You hit the ice beast.
The ice beast is severely wounded.
The ice beast hits you.
* * * LOW HITPOINT WARNING * * *
The ice beast freezes you!
You die...

#..# . ##.## .
#..## ####
##..# #.. ##.#
##.###### #.#
#..#..... ###
#.###..#....
.....#.##...Y##
#........@≈#
###..###≈≈.#
#### ##≈≈# #≈≈#
#≈≈# #≈≈# #.≈#
#≈≈#


You could see an ice beast.

Vanquished Creatures
  4 ogres
  A scorpion (D:4)
  6 orc priests (D:4)
  An orc wizard (D:3)
  3 worker ants (D:4)
  Robin (D:2)
  10 adders
  An adder skeleton (D:5)
  3 worms
  A dart slug (D:2)
  3 leopard geckos (D:1)
  12 orcs
  5 bats
  A giant cockroach (D:2)
  10 goblins
  9 hobgoblins
  10 jackals
  A quokka (D:4)
  A ball python (D:4)
  6 frilled lizards
  A giant cockroach zombie (D:5)
  A jackal zombie (D:5)
  6 kobolds
  A leopard gecko skeleton (D:4)
  4 rats
102 creatures vanquished.

Notes
Turn   | Place    | Note
-------+----------+-------------------------------------------
     0 | D:1      | Firecrotchwizard the Octopode Fighter began the quest for the Orb.
     0 | D:1      | Reached XP level 1. HP: 16/16 MP: 1/1
   380 | D:1      | Reached XP level 2. HP: 21/21 MP: 2/2
   467 | D:1      | Reached skill level 1 in Stealth
   951 | D:2      | Reached XP level 3. HP: 26/26 MP: 3/3
  1242 | D:2      | Reached skill level 3 in Long Blades
  1324 | D:2      | Reached XP level 4. HP: 32/32 MP: 4/4
  1579 | D:2      | Noticed Sigmund
  1735 | D:2      | Noticed Robin
  1891 | D:2      | Killed Robin
  2083 | D:3      | Found a shadowy altar of Dithmenos.
  2092 | D:3      | Became a worshipper of Dithmenos the Shadowed
  2258 | D:3      | Reached skill level 4 in Long Blades
  2258 | D:3      | Reached XP level 5. HP: 37/37 MP: 5/5
  3371 | D:4      | Reached skill level 5 in Long Blades
  3371 | D:4      | Reached XP level 6. HP: 18/43 MP: 6/6
  4042 | D:4      | Reached skill level 6 in Long Blades
  4246 | D:4      | Reached * piety under Dithmenos
  4246 | D:4      | Reached XP level 7. HP: 49/49 MP: 7/7
  4363 | D:4      | Reached skill level 7 in Long Blades
  5164 | D:5      | Entered Level 5 of the Dungeon
  5182 | D:5      | Found a staircase to the Ecumenical Temple.
  5203 | D:5      | Reached skill level 8 in Long Blades
  5203 | D:5      | Reached XP level 8. HP: 50/54 MP: 8/8
  5351 | D:5      | Slain by an ice beast

Vault maps used:
D:1:      dpeg_arrival_water_temple_mockup
D:2:      minmay_misc_feat_square, grunt_decor_cap, uniq_robin, uniq_sigmund
D:3:      first_bread, minivault_24, nicolae_dithmenos_shadow_blocks
D:4:      minmay_misc_feat_doors, hangedman_decor_push
D:5:      minmay_temple_entry_overgrown, gup_sewer_entry_pipe, minivault_14,
          minivault_1

Skill      XL: |  1  2  3  4  5  6  7 |
---------------+----------------------+-----
Stealth        | 1 2 |  2.0
Long Blades    | 3 4 5 6 8 |  8.0
Fighting       | 4 |  4.8
Dodging        | |  3.0
Shields        | |  3.0

Action                   |  1- 3 |  4- 6 |  7- 9 || total
-------------------------+-------+-------+-------++-------
Melee: Long sword        |    51 |   107 |    58 ||   216
       Constrict         |    17 |    30 |    13 ||    60
       Tentacles         |     9 |    18 |    13 ||    40
  Use: Scroll            |       |       |     1 ||     1
       Potion            |       |       |     1 ||     1
 Stab: Sleeping          |     6 |     2 |     4 ||    12
       Distracted        |       |     2 |       ||     2
  Eat: Chunk             |     1 |     4 |     4 ||     9
       Meat ration       |       |     1 |       ||     1
Armor: Skin              |     1 |     8 |     2 ||    11
Dodge: Dodged            |    18 |    40 |    17 ||    75
Block: Shield            |    19 |    36 |    15 ||    70
       Rpst.: Long sword |     7 |    12 |     6 ||    25
